 Dungeon Crawl Stone Soup version 0.19.1-1-g22dce08 (webtiles) character file.

16401 theAP the Severer (level 12, -19/115 HPs)
             Began as a Hill Orc Fighter on Jan 13, 2017.
             Was a High Priest of Beogh.
             Demolished by a large slime creature (21 damage)
             ... on level 12 of the Dungeon.
             The game lasted 00:32:29 (11757 turns).

theAP the Severer (Hill Orc Fighter)               Turns: 11757, Time: 00:32:30

Health: -19/115    AC: 21    Str: 24    XL:     12   Next: 37%
Magic:  12/12      EV: 10    Int:  8    God:    Beogh [*****.]
Gold:   1291       SH: 18    Dex:  8    Spells: 0 memorised, 11 levels left

rFire  . . .     SeeInvis .     a - +2 war axe
rCold  . . .     Gourm    .     A - +0 chain mail
rNeg   . . .     Faith    .     c - +5 shield
rPois  +         Spirit   .     (helmet restricted)
rElec  .         Reflect  +     P - +2 cloak {rPois}
rCorr  .         Harm     .     g - +2 pair of gloves
MR     .....                    T - +1 pair of boots
Stlth  ..........               R - +4 amulet of reflection
                                W - +5 ring of evasion
                                U - +4 ring of protection

@: no status effects
A: walk on water, antennae 1, hooves 1, clumsy 1
a: Smiting, Recall Orcish Followers, Give Item to Named Follower, Renounce
Religion


You were on level 12 of the Dungeon.
You worshipped Beogh.
Beogh was extremely pleased with you.
You were very hungry.

You visited 1 branch of the dungeon, and saw 12 of its levels.
You also visited: Ossuary and Ice Cave.

You collected 1291 gold pieces.

Inventory:

Hand Weapons
 a - a +2 war axe (weapon)
 J - a +0 spear
Armour
 c - a +5 shield (worn)
 g - a +2 pair of gloves (worn)
 r - +0 ice dragon scales
 A - a +0 chain mail (worn)
 P - a +2 cloak of poison resistance (worn)
 T - a +1 pair of boots (worn)
Jewellery
 p - an uncursed ring of protection from magic
 z - a +1 ring of evasion
 I - an uncursed ring of resist corrosion
 M - a -3 ring of dexterity
 N - an uncursed amulet of guardian spirit
 R - a +4 amulet of reflection (around neck)
 U - a +4 ring of protection (left hand)
 V - an uncursed ring of flight
 W - a +5 ring of evasion (right hand)
Wands
 e - a wand of flame (23/48)
 m - a wand of lightning (5/15)
 s - a wand of flame (18/48)
 x - a wand of flame (20/48)
 C - a wand of polymorph (8/24)
 H - a wand of iceblast (4/15)
 Q - a wand of random effects (18/48)
 S - a wand of disintegration (3/24)
 X - a wand of random effects (32/48)
 Z - a wand of paralysis (16/24)
Scrolls
 h - a scroll of amnesia
 q - 9 scrolls of identify
 t - 3 scrolls of remove curse
 y - a scroll of recharging
 K - a scroll of blinking
 O - a scroll of teleportation
Potions
 d - 2 potions of might
 i - a potion of ambrosia
 j - 3 potions of haste
 k - 2 potions of resistance
 l - 5 potions of brilliance
 n - 3 potions of flight
 o - a potion of curing
 v - 3 potions of lignification
 w - 2 potions of berserk rage
 B - a potion of magic
 D - a potion of cancellation
 G - a potion of invisibility
Books
 Y - a book of Air

   Spells                             Type                      Level
   a - Shock                          Conjuration/Air              1
   b - Swiftness                      Charms/Air                   2
   c - Repel Missiles                 Charms/Air                   2
   d - Static Discharge               Conjuration/Air              3
   e - Lightning Bolt                 Conjuration/Air              5
Miscellaneous
 L - a fan of gales
Comestibles
 b - a fruit
 f - 12 bread rations
 u - 3 meat rations
 E - 3 beef jerkies
 F - 7 slices of pizza


   Skills:
 + Level 13.5 Fighting
 * Level 19.3 Axes
 - Level 3.5 Armour
 - Level 3.4 Shields


You had 11 spell levels left.
You didn't know any spells.

Dungeon Overview and Level Annotations

Branches:
Dungeon (12/15)            Temple (0/1) D:6            Lair (0/6) D:11
    Orc (0/2) D:10

Altars:
Ashenzari
Dithmenos
Elyvilon
Fedhas
Gozag
Kikubaaqudgha
Makhleb
Nemelex Xobeh
Sif Muna
Trog
Uskayaw
Xom
Yredelemnul
The Shining One


Innate Abilities, Weirdness & Mutations

You can walk on water.
You have a pair of small antennae on your head.
You have large cloven feet.
You are clumsy. (Dex -2)


Message History

Your orc warrior looks more experienced.
You hit the slime creature.
The slime creature is almost dead.
You slash the slime creature!
You hit the large slime creature but do no damage.
You block the slime creature's attack. The slime creature hits you!
* * * LOW HITPOINT WARNING * * *
The large slime creature hits you!!
* * * LOW HITPOINT WARNING * * *
Your orc warrior hits the slime creature with a mace of protection!
The slime creature dies!
Beogh accepts your kill.
Your orc warrior looks more experienced.
A kobold comes into view. It is wielding a short sword.
You slash the slime creature!
You kill the slime creature!
Beogh accepts your kill.
You hit the large slime creature but do no damage.
The large slime creature hits you!!
You die...

#..#...# #K.#...#
#))#...# #'##..##
+.....# #o....#
#o###.######
#J.....#...#
#@.....#...#
####...####...#
#......#......#
#......#o.....#..
#..###'#'######.##+#
#.. #......#...#..#
#.. #......+...#..#
#. #......#...#..#
####...#...#'###


You could see a large slime creature, a kobold and 2 friendly orc warriors.

Vanquished Creatures
  2 ice dragons (IceCv)
  The ghost of Paps the Basher, a novice GrFi of the Shining One (D:8)
  Nergalle (D:10)
  2 unseen horrors
  Pikel (D:8)
  2 hill giants
  An ice statue (IceCv)
  Joseph (D:8)
  Psyche (D:10)
  2 rime drakes (IceCv)
  2 two-headed ogres
  3 slime creatures (D:12)
  Grinder (D:4)
  2 hippogriffs (D:9)
  A human (D:8)
  Eustachio (D:6)
  4 hogs (D:8)
  A hungry ghost (D:11)
  4 orc warriors
  A hornet zombie (D:6)
  3 black bears
  18 ice beasts
  2 sky beasts
  A necrophage (D:7)
  5 phantoms
  5 centaurs
  3 ogres
  A crocodile (D:9)
  2 elf zombies (Ossuary)
  A big kobold (D:7)
  6 bullfrogs
  3 scorpions
  6 wights
  2 crimson imps
  2 bullfrog zombies (D:10)
  2 howler monkeys
  2 centaur zombies (Ossuary)
  3 jellies
  An orc priest (D:11)
  3 hounds
  A bullfrog skeleton (D:5)
  2 iguanas
  8 orc wizards
  7 worker ants
  2 big kobold zombies (Ossuary)
  3 ogre zombies (Ossuary)
  A hound zombie (D:7)
  7 mummies (Ossuary)
  2 howler monkey zombies
  A worker ant zombie (D:7)
  11 gnolls
  6 adders
  3 shadow imps
  4 adder zombies
  3 adder skeletons
  2 worms (D:3)
  A dart slug (D:1)
  3 leopard geckos
  41 orcs
  5 bats
  5 giant cockroaches
  6 goblins
  10 hobgoblins
  3 jackals (D:4)
  4 quokkas
  A ball python (D:3)
  6 frilled lizards
  6 goblin zombies (Ossuary)
  3 hobgoblin zombies (Ossuary)
  10 kobolds
  3 kobold zombies (Ossuary)
  4 quokka zombies (Ossuary)
  7 rats
  2 rat zombies (Ossuary)
288 creatures vanquished.

Vanquished Creatures (collateral kills)
  A hill giant (D:11)
  Maurice (D:10)
  A slime creature (D:12)
  A wyvern (D:11)
  A steam dragon (D:11)
  A warg (D:10)
  2 hell hounds (D:11)
  6 ice beasts (D:11)
  A big kobold (D:12)
  2 wights (D:12)
  An orc priest (D:10)
  An orc wizard (D:9)
  3 orcs
  A goblin (D:10)
23 creatures vanquished.

Vanquished Creatures (others)
  2 orc knights
  3 orc priests
  A sky beast (D:6)
  A slave (D:8)
  A centaur (D:11)
  A bullfrog (D:11)
  4 orc wizards
  A hound skeleton (D:8)
  6 orcs
  A quokka (D:6)
21 creatures vanquished.

Grand Total: 332 creatures vanquished

Notes
Turn   | Place    | Note
-------+----------+-------------------------------------------
     0 | D:1      | theAP the Hill Orc Fighter began the quest for the Orb.
     0 | D:1      | Reached XP level 1. HP: 19/19 MP: 1/1
   267 | D:1      | Reached XP level 2. HP: 27/27 MP: 2/2
   373 | D:1      | Reached skill level 3 in Axes
   871 | D:2      | Reached XP level 3. HP: 27/33 MP: 3/3
  1216 | D:2      | Reached skill level 4 in Axes
  1574 | D:2      | Reached XP level 4. HP: 40/40 MP: 4/4
  1589 | D:2      | Reached skill level 5 in Axes
  1823 | D:2      | Found an opulent altar of Gozag.
  2009 | D:2      | Reached XP level 5. HP: 47/47 MP: 5/5
  2383 | D:3      | Found an ancient bone altar of Kikubaaqudgha.
  2624 | D:3      | Reached skill level 6 in Axes
  2817 | D:4      | Reached skill level 5 in Fighting
  3041 | D:4      | Found a hide-covered altar of Uskayaw.
  3044 | D:4      | Reached XP level 6. HP: 49/56 MP: 6/6
  3062 | D:4      | Reached skill level 7 in Axes
  3134 | D:4      | Noticed Grinder
  3147 | D:4      | Killed Grinder
  3147 | D:4      | Reached skill level 8 in Axes
  3147 | D:4      | Reached XP level 7. HP: 41/63 MP: 7/7
  3382 | D:4      | Found a shattered altar of Ashenzari.
  3665 | D:4      | Found a shadowy altar of Dithmenos.
  3835 | D:4      | Found a blossoming altar of Fedhas.
  3835 | D:4      | Found a faded altar of an unknown god.
  3840 | D:4      | Found a faded altar of an unknown god.
  3842 | D:4      | Found a faded altar of an unknown god.
  3844 | D:4      | Found a faded altar of an unknown god.
  3914 | D:4      | Found a sparkling altar of Nemelex Xobeh.
  3989 | D:5      | Entered Level 5 of the Dungeon
  3993 | D:5      | Reached skill level 9 in Axes
  4303 | D:5      | Became a worshipper of Beogh the Brigand
  4632 | D:5      | Reached XP level 8. HP: 71/71 MP: 8/8
  4683 | D:5      | Reached skill level 10 in Axes
  5002 | D:6      | Got a slimy robe
  5013 | D:6      | Identified the cursed +0 robe "Rosead" {rCorr Str+5} (You found it on level 6 of the Dungeon)
  5042 | D:6      | Found a basalt altar of Yredelemnul.
  5142 | D:6      | Noticed Eustachio
  5152 | D:6      | Killed Eustachio
  5152 | D:6      | Reached skill level 11 in Axes
  5155 | D:6      | Found a white marble altar of Elyvilon.
  5175 | D:6      | Found a staircase to the Ecumenical Temple.
  5278 | D:6      | Found a shimmering altar of Xom.
  5746 | D:6      | Reached XP level 9. HP: 75/82 MP: 9/9
  5806 | D:7      | Reached skill level 12 in Axes
  5885 | D:7      | Reached * piety under Beogh
  5899 | D:7      | Found a bloodstained altar of Trog.
  6039 | D:7      | Reached skill level 13 in Axes
  6318 | D:7      | Found a glowing golden altar of the Shining One.
  6478 | D:7      | Found a deep blue altar of Sif Muna.
  6517 | D:7      | Found a shimmering altar of Xom.
  6775 | D:8      | Noticed Paps's ghost (novice GrFi)
  6811 | D:8      | Killed Paps's ghost
  6811 | D:8      | Reached skill level 14 in Axes
  6811 | D:8      | Reached XP level 10. HP: 38/93 MP: 10/10
  6823 | D:8      | Found a sand-covered staircase.
  6828 | Ossuary  | Entered an ossuary
  7021 | Ossuary  | Reached skill level 10 in Fighting
  7074 | Ossuary  | Reached ** piety under Beogh
  7204 | Ossuary  | Gained mutation: You are clumsy. (Dex -2) [potion of mutation]
  7204 | Ossuary  | Gained mutation: You have large cloven feet. [potion of mutation]
  7204 | Ossuary  | Gained mutation: You have a pair of small antennae on your head. [potion of mutation]
  7452 | D:8      | Noticed Joseph
  7467 | D:8      | Killed Joseph
  7507 | D:8      | Noticed Pikel
  7518 | D:8      | Killed Pikel
  7518 | D:8      | Reached skill level 15 in Axes
  7706 | D:8      | Reached *** piety under Beogh
  8278 | D:9      | Reached skill level 16 in Axes
  8391 | D:9      | Reached XP level 11. HP: 74/102 MP: 11/11
  8532 | D:9      | Found a burning altar of Makhleb.
  8742 | D:10     | Entered Level 10 of the Dungeon
  8744 | D:10     | Noticed Nergalle
  8749 | D:10     | Reached **** piety under Beogh
  8769 | D:10     | Killed Nergalle
  8834 | D:10     | Found a staircase to the Orcish Mines.
  8874 | D:10     | Noticed Psyche
  8882 | D:10     | Killed Psyche
  8882 | D:10     | Reached skill level 17 in Axes
  9028 | D:10     | Noticed Maurice
  9041 | D:10     | Killed Maurice
  9085 | D:10     | Killed an unseen horror
  9147 | D:10     | Noticed a hill giant
  9157 | D:10     | Killed a hill giant
  9550 | D:11     | Noticed a hill giant
  9558 | D:11     | Killed a hill giant
  9559 | D:11     | Found a frozen archway.
  9584 | D:11     | Reached ***** piety under Beogh
  9600 | IceCv    | Entered an ice cave
  9685 | IceCv    | Reached skill level 18 in Axes
 10343 | IceCv    | Noticed an ice dragon
 10344 | IceCv    | Noticed an ice dragon
 10355 | IceCv    | Killed an ice dragon
 10355 | IceCv    | Reached XP level 12. HP: 87/115 MP: 12/12
 10369 | IceCv    | HP: 1/115 [ice dragon (7)]
 10375 | IceCv    | Killed an ice dragon
 11140 | D:11     | Reached skill level 19 in Axes
 11236 | D:11     | Found a staircase to the Lair.
 11756 | D:12     | HP: 2/115 [large slime creature (20)]
 11757 | D:12     | Demolished by a large slime creature

Skill      XL: |  1  2  3  4  5  6  7  8  9 10 11 12 |
---------------+-------------------------------------+-----
Axes           | 3 4 5 6 8 9 11 14 16 18 19 | 19.3
Fighting       | 4 5 6 8 9 11 13 | 13.5
Armour         | |  3.5
Shields        | |  3.4

Action                   |  1- 3 |  4- 6 |  7- 9 | 10-12 || total
-------------------------+-------+-------+-------+-------++-------
Melee: War axe           |   109 |   162 |   308 |   627 ||  1206
       Kick              |       |       |       |    96 ||    96
Invok: Convert to Beogh  |       |       |     1 |       ||     1
       Recall Orcish Fol |       |       |       |     2 ||     2
       Smiting           |       |       |       |     3 ||     3
Evoke: Wand              |       |       |       |     8 ||     8
  Use: Scroll            |       |    12 |    13 |    10 ||    35
       Potion            |       |       |       |     5 ||     5
 Stab: Distracted        |       |       |       |     2 ||     2
  Eat: Chunk             |     2 |     5 |     4 |     6 ||    17
       Fruit             |       |       |     3 |     1 ||     4
       Bread ration      |       |       |     1 |       ||     1
       Meat ration       |       |       |       |     1 ||     1
       Royal jelly       |       |       |       |     1 ||     1
       Beef jerky        |       |       |       |     1 ||     1
       Pizza             |       |       |       |     1 ||     1
Armor: Scale mail        |    58 |    52 |    98 |    18 ||   226
       Chain mail        |       |       |       |   152 ||   152
Dodge: Dodged            |    32 |    37 |    41 |    50 ||   160
Block: Shield            |    55 |    68 |   183 |   358 ||   664
       Reflection        |       |       |       |     4 ||     4
